 Dungeon Crawl Stone Soup version 0.26.1-10-gdfb7c7de75 (webtiles) character file.

Game seed: 931916876816979303

558 Electrofox the Cleaver (level 7, -3/58 HPs)
             Began as a Minotaur Fighter on Apr 4, 2021.
             Killed by divine providence
             ... invoked by an orc priest
              (12 damage)
             ... on level 4 of the Dungeon.
             The game lasted 00:10:37 (3063 turns).

Electrofox the Cleaver (Minotaur Fighter)           Turns: 3063, Time: 00:10:37

Health: -3/58      AC:  7    Str: 21    XL:     7   Next: 9%
Magic:  6/6        EV:  8    Int:  7    God:
Gold:   202        SH:  9    Dex:  9    Spells: 6/6 levels left

rFire    . . .     SeeInvis .   a - +0 war axe
rCold    + . .     Faith    .   c - +0 kite shield
rNeg     . . .     Spirit   .   o - +2 ring mail {rC+}
rPois    .         Reflect  .   (helmet restricted)
rElec    .         Harm     .   (no cloak)
rCorr    .         Rampage  .   (no gloves)
Will     .....                  (no boots)
Stlth    ..........             (no amulet)
HPRegen  0.19/turn              (no ring)
MPRegen  0.10/turn              (no ring)

@: no status effects
A: retaliatory headbutt, horns 2
a: no special abilities


You were on level 4 of the Dungeon.
You visited 1 branch of the dungeon, and saw 4 of its levels.

You collected 202 gold pieces.

Inventory:

Hand Weapons
 a - a +0 war axe (weapon)
 i - a +0 hunting sling
Missiles
 k - 2 throwing nets (quivered)
Armour
 c - a +0 kite shield (worn)
 j - a +0 plate armour
 o - a +2 ring mail of cold resistance (worn)
 q - a +2 cloak
Jewellery
 n - a +4 ring of protection {unknown}
 r - an uncursed ring of poison resistance {unknown}
Scrolls
 b - a scroll of blinking {unknown}
 e - 6 scrolls of remove curse {unknown}
 l - 8 scrolls of identify {unknown}
 m - a scroll of fear {unknown}
 p - a scroll of enchant weapon {unknown}
 s - 3 scrolls of teleportation {unknown}
Potions
 d - a potion of might
 f - a potion of berserk rage
 g - 3 potions of brilliance {unknown}
 h - 3 potions of curing {unknown}
 t - a potion of haste {unknown}


   Skills:
 - Level 3.7 Fighting
 + Level 9.3 Axes
 - Level 3.7 Armour
 - Level 3.7 Shields


You had 6 spell levels left.
You didn't know any spells.
Your spell library contained the following spells:

 Spells                   Type           Power        Failure   Level
 Beastly Appendage        Tmut           0%           97%         1
 Wereblood                Tmut           0%           99%         2
 Spider Form              Tmut/Pois      0%           100%        3
 Ice Form                 Ice/Tmut       0%           100%        4
 Blade Hands              Tmut           0%           100%        5


Dungeon Overview and Level Annotations

Branches:
Dungeon (4/15)
 Temple: D:4-7

Altars:
Elyvilon
Gozag
Trog

Annotations:
D:4 1 runed translucent door, exclusion: door, FishyPogo's ghost, amateur DrTm


Innate Abilities, Weirdness & Mutations

You reflexively headbutt those who attack you in melee.
You have a pair of horns on your head.


Message History

You slash the orc!
You kill the orc!
The orc warrior hits you with a +0 war axe!
You hit the orc warrior but do no damage.
The orc warrior is severely wounded.
The orc priest miscasts a cantrip.
The orc warrior hits you with a +0 war axe!!
The orc wizard casts a spell.
The orc wizard blinks!
Your ring mail prevents you from hitting the orc warrior.
The orc warrior is severely wounded.
The orc warrior hits you with a +0 war axe!
* * * LOW HITPOINT WARNING * * *
The orc hits you with a +0 club.
* * * LOW HITPOINT WARNING * * *
The orc priest looks encouraged for a moment.
The orc priest casts a cantrip, but nothing happens.
The orc priest calls down the wrath of Beogh upon you.
Beogh smites you!
You die...

#....$$o... #.......
#)o#o8##..# #......#
#..#ooo.. #.†#...#
#.o##.o.## #..#.###
#..# ##(.. .#.##.# #
#..# o###.#)##.# #
#oo# ##.##....###
#..######8###..####.
#..@...........####.
#.###...#.#.##.##..<
#..............##.##
#####..###.#.##...#
#..###.#.#..###
#..##..#...##
#..##.##..##
##.....#..##
#.)##....<#


You could see an orc warrior, an orc priest, an orc wizard and an orc.

Vanquished Creatures
  An ogre (D:4)
  A phantom (D:4)
  A scorpion (D:4)
  A centaur skeleton (D:4)
  A hound (D:4)
  A bullfrog skeleton (D:4)
  An orc priest (D:4)
  An orc wizard (D:4)
  Terence (D:2)
  An iguana (D:4)
  A worker ant (D:4)
  3 adders
  A howler monkey skeleton (D:4)
  An ooze (D:4)
  2 worms
  2 dart slugs
  3 leopard geckos
  4 orcs (D:4)
  5 giant cockroaches
  3 goblins
  13 hobgoblins
  3 quokkas
  A ball python (D:2)
  5 bats
  6 frilled lizards
  7 kobolds
  6 rats
76 creatures vanquished.

Notes
Turn   | Place    | Note
-------+----------+-------------------------------------------
     0 | D:1      | Electrofox the Minotaur Fighter began the quest for the
                  | Orb.
     0 | D:1      | Reached XP level 1. HP: 19/19 MP: 0/0
   126 | D:1      | Reached skill level 3 in Axes
   220 | D:1      | Reached XP level 2. HP: 27/27 MP: 1/1
   846 | D:2      | Reached skill level 4 in Axes
   846 | D:2      | Reached XP level 3. HP: 29/33 MP: 2/2
  1351 | D:2      | Found a bloodstained altar of Trog.
  1564 | D:2      | Noticed Terence
  1600 | D:2      | Killed Terence
  1601 | D:2      | Reached skill level 5 in Axes
  1601 | D:2      | Reached XP level 4. HP: 26/40 MP: 3/3
  1770 | D:3      | Found a white marble altar of Elyvilon.
  2065 | D:3      | Found a faded altar of an unknown god.
  2207 | D:4      | Reached skill level 6 in Axes
  2213 | D:4      | Reached XP level 5. HP: 39/46 MP: 4/4
  2278 | D:4      | Reached skill level 7 in Axes
  2412 | D:4      | Found a runed translucent door.
  2416 | D:4      | Noticed FishyPogo's ghost (amateur DrTm)
  2446 | D:4      | Reached XP level 6. HP: 46/52 MP: 5/5
  2548 | D:4      | Reached skill level 8 in Axes
  2678 | D:3      | Found an opulent altar of Gozag.
  2727 | D:4      | Reached skill level 9 in Axes
  2727 | D:4      | Reached XP level 7. HP: 45/58 MP: 6/6
  3063 | D:4      | Killed from afar by an orc priest

Illustrated notes

Levels and vault maps discovered:
D:1:      mrwooster_arrival_arrow, layout_loops_ring, chequers_arboretum,
          grunt_decor_cap
D:2:      layout_basic, minmay_misc_feat_x, trog_hazing_becter, uniq_terence
D:3:      lemuel_upstairs_altar, layout_rooms, elyvilon_altar_4,
          chequers_ecumenical_altar_island
D:4:      layout_rooms, ebering_ghost_reflecting_pool, grunt_ministairs_12,
          guppyfry_early_orc_mine

Skill      XL: |  1  2  3  4  5  6 |
---------------+-------------------+-----
Axes           | 3 4 5 6 7 9 |  9.3
Fighting       | |  3.7
Armour         | |  3.7
Shields        | |  3.7

Action                   |  1- 3 |  4- 6 |  7- 9 || total
-------------------------+-------+-------+-------++-------
Melee: War axe           |   102 |    68 |    15 ||   185
       Headbutt          |    14 |    14 |       ||    28
Throw: Throwing net      |     1 |       |       ||     1
Armor: Scale mail        |    48 |       |       ||    48
       Ring mail         |       |    21 |     2 ||    23
Dodge: Dodged            |    36 |    16 |       ||    52
Block: Kite shield       |    47 |    21 |     5 ||    73
